 Dungeon Crawl Stone Soup version 0.15-a0-369-gf28fdd9 (webtiles) character file.

2143 earthguest the Cleaver (level 8, 0/64 HPs)
             Began as a Minotaur Fighter on May 1, 2014.
             Was an Initiate of Gozag.
             Slain by a phantom (5 damage)
             ... on Level 7 of the Dungeon.
             The game lasted 00:12:24 (4888 turns).

earthguest the Cleaver (Minotaur Fighter)           Turns: 4888, Time: 00:12:24

HP   0/64        AC  9     Str 22      XL: 8   Next: 82%
MP   3/3         EV  9     Int  5      God: Gozag
Gold 355         SH  0     Dex 14      Spells:  0 memorised,  7 levels left

rFire  . . .     SeeInvis .     h - +4,+1 battleaxe (distort)
rCold  . . .     Clarity  .     b - +0 scale mail
rNeg   . . .     Conserve .     (no shield)
rPois  .         rCorr    .     (helmet restricted)
rElec  .         rRot     .     m - +0 cloak
SustAb . .       Spirit   .     y - +0 pair of gloves
rMut   .         Warding  .     (no boots)
Saprov . . .     Stasis   .     (no amulet)
MR     +....                    s - cursed +3 ring of dexterity
                                q - ring of protection from magic

@: very slightly contaminated, somewhat resistant to hostile enchantments,
extremely unstealthy
A: retaliatory headbutt, horns 2
a: Potion Petition, Call Merchant, Bribe Branch, Renounce Religion


You were on level 7 of the Dungeon.
You worshipped Gozag.
Gozag was noncommittal.
You were not hungry.

You visited 2 branches of the dungeon, and saw 8 of its levels.

You collected 496 gold pieces.

Inventory:

Hand weapons
 a - a +0,-2 war axe
 h - a +4,+1 battleaxe of distortion (weapon)
 l - a +0,+0 hand axe
Armour
 b - a +0 scale mail (worn)
 m - a +0 cloak (worn)
 x - a +1 shield
 y - a +0 pair of gloves (worn)
Magical devices
 c - a wand of enslavement (9) {unknown}
Comestibles
 d - 10 bread rations
Scrolls
 i - a scroll of enchant weapon I
 j - a scroll of noise
 p - 2 scrolls of blinking
 r - 10 scrolls of identify {unknown}
 B - a scroll of magic mapping
Jewellery
 k - an uncursed amulet of faith
 q - a ring of protection from magic (left hand)
 s - a cursed +3 ring of dexterity (right hand)
Potions
 e - a potion of might
 f - a potion of degeneration {unknown}
 n - a potion of lignification {unknown}
 o - a potion of brilliance
 t - a potion of restore abilities
 C - a potion of porridge
 D - a potion of mutation {unknown}
 F - a potion of confusion {unknown}


   Skills:
 - Level 3.6 Fighting
 + Level 13.2 Axes
 - Level 3.6 Armour
 - Level 3.6 Shields


You had 7 spell levels left.
You didn't know any spells.

Dungeon Overview and Level Annotations

Branches:
Dungeon (7/15)             Temple (1/1) D:4

Altars:
Ashenzari
Cheibriados
Dithmenos
Elyvilon
Fedhas
Gozag
Makhleb
Nemelex Xobeh
Okawaru
Sif Muna
Trog
Vehumet
Xom
Yredelemnul
Zin
The Shining One

Shops:
D:6 (   D:7 (

Annotations:
D:7 Pikel


Innate Abilities, Weirdness & Mutations

You reflexively headbutt those who attack you in melee.
You have a pair of horns on your head.


Message History

Blink to where?
Press: ? - help, Dir - move target cursor
As you read the scroll of blinking, it crumbles to dust.
You are very lightly contaminated with residual magic.
The centaur wields an uncursed bow.
The centaur shoots an arrow.
The arrow misses you.
Things that are here:
a cutlass; a runed leather armour Drink which item? (? for menu, Esc to quit)
Okay, then.
Read which item? (? for menu, Esc to quit)
Blink to where?
Press: ? - help, Dir - move target cursor
As you read the scroll of blinking, it crumbles to dust.
As you close the door, it creaks loudly!
Something unseen opens the door.
A phantom comes into view.
The phantom hits you.
You die...
Your body crumbles into a pile of gold.

#.#.# #.#.# #.#.#
########### #.#.#
#.........# #.#.#####
#.........# #.#.....#
#.........# .. #.#..##.#
#.........#...
..#..##.###.............
#<#...#.>................
....#.#..##.....@U<......
#.###.#..##.##+#####.....
#.###.#..##.##.......# #
#.....#............#
########.#.........#
#...............#
#..........)....#
#....c..........#
#...............#
#####'#.........#


You could see a phantom.

Vanquished Creatures
  Grinder (D:5)
  Eustachio (D:7)
  Menkaure (D:6)
  A centaur (D:6)
  An ice beast (D:5)
  A black bear (D:6)
  An ogre (D:7)
  3 electric eels (D:6)
  A crimson imp (D:5)
  A giant frog zombie (D:6)
  An orc priest (D:6)
  A jelly (D:5)
  3 hounds
  2 big fish (D:6)
  2 giant frog skeletons
  2 orc wizards (D:6)
  Natasha (thrice) (D:5)
  2 iguanas
  2 worker ants (D:6)
  Ijyb (D:7)
  A big kobold zombie (D:5)
  A big kobold skeleton (D:7)
  A hound zombie (D:7)
  A worker ant zombie (D:5)
  7 adders
  A gnoll (D:1)
  2 shadow imps (D:5)
  3 giant mites
  A white imp (D:5)
  4 worms
  An adder skeleton (D:4)
  2 oozes
  13 orcs
  A ball python (D:3)
  A bat skeleton (D:7)
  A bat zombie (D:6)
  7 giant cockroaches
  9 hobgoblins
  7 jackals
  11 kobolds
  4 quokkas
  18 bats
  6 giant geckos
  6 giant newts
  17 goblins
  A kobold skeleton (D:5)
  13 rats
  A plant (D:6)
172 creatures vanquished.

Vanquished Creatures (others)
  A scorpion (D:7)
  A shadow imp (D:6)
  2 plants (D:6)
4 creatures vanquished.

Grand Total: 176 creatures vanquished

Notes
Turn   | Place    | Note
--------------------------------------------------------------
     0 | D:1      | earthguest, the Minotaur Fighter, began the quest for the Orb.
     0 | D:1      | Reached XP level 1. HP: 19/19 MP: 1/1
    91 | D:1      | Reached XP level 2. HP: 24/26 MP: 1/1
   257 | D:1      | Reached skill level 4 in Axes
   257 | D:1      | Reached XP level 3. HP: 31/31 MP: 2/2
   701 | D:2      | Found a blossoming altar of Fedhas.
   800 | D:2      | Found an iron altar of Okawaru.
   800 | D:2      | Found a deep blue altar of Sif Muna.
   804 | D:2      | Reached skill level 5 in Axes
   960 | D:2      | Reached XP level 4. HP: 37/39 MP: 2/2
  1289 | D:3      | Reached skill level 6 in Axes
  1493 | D:3      | Reached XP level 5. HP: 40/45 MP: 2/2
  1612 | D:3      | Found a sparkling altar of Nemelex Xobeh.
  1880 | D:4      | Reached skill level 7 in Axes
  2261 | D:4      | Found a staircase to the Ecumenical Temple.
  2274 | Temple   | Entered the Ecumenical Temple
  2415 | Temple   | Became a worshipper of Gozag Ym Sagoz the Greedy
  2470 | D:5      | Entered Level 5 of the Dungeon
  2500 | D:5      | Noticed Grinder
  2505 | D:5      | Noticed Natasha
  2518 | D:5      | Killed Natasha
  2525 | D:5      | Paralysed by Grinder for 2 turns
  2528 | D:5      | Killed Grinder
  2528 | D:5      | Reached skill level 9 in Axes
  2528 | D:5      | Reached XP level 6. HP: 23/51 MP: 3/3
  2568 | D:5      | Noticed Natasha
  2573 | D:5      | Killed Natasha
  2575 | D:5      | Noticed an ice beast
  2592 | D:5      | Killed an ice beast
  2592 | D:5      | Reached XP level 7. HP: 14/57 MP: 3/3
  2937 | D:5      | Reached skill level 10 in Axes
  3157 | D:5      | Noticed Natasha
  3159 | D:5      | Killed Natasha
  3467 | D:6      | Found Vitzaini's Weapon Shoppe.
  3554 | D:6      | Reached skill level 11 in Axes
  3583 | D:6      | Reached XP level 8. HP: 6/64 MP: 3/3
  3980 | D:6      | Found a shimmering altar of Xom.
  3981 | D:6      | Found a shimmering altar of Xom.
  3983 | D:6      | Found a shimmering altar of Xom.
  3995 | D:6      | Noticed Menkaure
  3999 | D:6      | Killed Menkaure
  4097 | D:6      | Reached skill level 12 in Axes
  4760 | D:7      | Noticed Eustachio
  4763 | D:7      | Noticed Ijyb
  4770 | D:7      | Killed Eustachio
  4770 | D:7      | Reached skill level 13 in Axes
  4770 | D:7      | Killed Ijyb
  4820 | D:7      | Found Twoutt's Weapon Shop.
  4860 | D:7      | Noticed Pikel
  4867 | D:7      | HP: 3/64 [Pikel/runed whip (3)]
  4867 | D:7      | HP: 1/64 [slave[Pikel] (2)]
  4888 | D:7      | Slain by a phantom

Action                   |  1- 3 |  4- 6 |  7- 9 || total
-------------------------+-------+-------+-------++-------
Melee: War axe           |   111 |   164 |    16 ||   291
       Hand axe          |       |       |   101 ||   101
       Battleaxe         |       |       |    75 ||    75
  Use: Scroll            |     3 |       |     8 ||    11
       Potion            |       |       |    12 ||    12
